 Dungeon Sprint DCSS version 0.30.0-2-g1aa4bd4387 (webtiles) character file.

Game seed: 15012545072588821444

574 Groucho the Imperceptible (level 7, -3/31 HPs)
             Began as a Felid Berserker on May 7, 2023.
             Was a Believer of Trog.
             Slain by a deep troll (15 damage)
             ... in the Dungeon (Sprint I: "Red Sonja").
             The game lasted 00:02:08 (572 turns).

Groucho the Imperceptible (Felid Berserker)          Turns: 572, Time: 00:02:08

Health: -3/31      AC:  2    Str: 13    XL:     7   Next: 12%
Magic:  8/8        EV: 18    Int:  9    God:    Trog [**....]
Gold:   417        SH:  0    Dex: 17    Spells: 6/6 levels left
                                        Lives:  0   Deaths: 2

rFire   . .          .
                       - Unarmed
rCold   . . .        (shield unavailable)
rNeg    . . .        (body armour unavailable)
rPois   .            (helmet unavailable)
rElec   .            (cloak unavailable)
rCorr   .            (gloves unavailable)
SInv    +            (boots unavailable)
Will    +++..        (no amulet)
Stlth   +++++        (no ring)
HPRegen 1.25/turn    (no ring)
MPRegen 0.11/turn

%: no teleportation
@: strong-willed (expiring), on berserk cooldown, regenerating (expiring),
slowed, very slow
A: very small, claws 1, fangs 3, see invisible, speed 1, shaggy fur 2, stealthy
paws, no weapons or thrown items, no armour, multi-lived
a: Renounce Religion, Berserk, Trog's Hand


You were in the Dungeon.
You worshipped Trog.
Trog was pleased with you.
You visited 1 branch You collected 417 gold pieces.

Inventory:

Wands
 g - a wand of mindburst (16)
Scrolls
 h - a scroll of butterflies {unknown}
Potions
 a - a potion of curing
 b - a potion of heal wounds
 c - a potion of haste
 d - 2 potions of magic
 e - a potion of berserk rage


   Skills:
 - Level 3.0 Fighting
 - Level 4.0 Dodging
 + Level 23.9 Stealth
 - Level 3.0 Unarmed Combat


You had 6 spell levels left.
You didn't know any spells.
Your spell library was empty.

Dungeon Overview and Level Annotations

Branches:
Dungeon (1/1)

Altars:
Cheibriados
Dithmenos
Elyvilon
Fedhas
Gozag
Hepliaklqana
Kikubaaqudgha
Makhleb
Nemelex Xobeh
Okawaru
Qazlal
Ru
Sif Muna
Trog
Uskayaw
Vehumet
Wu Jian
Xom
Yredelemnul
Zin
The Shining One
Jiyva
Lugonu

Shops:
D *


Innate Abilities, Weirdness & Mutations

You have sharp claws.
You have razor-sharp teeth.
You have supernaturally acute eyesight. (SInv)
You cover ground quickly. (Speed+)
You are covered in thick fur. (AC +2)
Your paws help you pounce on unaware monsters.
You are incapable of wielding weapons or throwing items.
You cannot wear armour.
You gain extra lives every three experience levels.


Message History

You kill the slime creature!
Trog accepts your kill.
Welcome back to level 7!
Unknown command.
Unknown command.
Unknown command.
You open the door.
There is an open door here.
There is an open door here.
Your skin crawls.
You feel strong-willed.
Found a great mace and 7 stones.
A red film seems to cover your vision as you go berserk!
You feel yourself moving faster!
You feel mighty!
You feel a strong urge to attack something.
There is an open door, spattered with blood here.
Things that are here:
a +0 longbow; the felid corpse of Groucho; a centaur corpse You enter the shallow water.
Moving in this stuff is going to be slow.
You feel your anger nearly subside.
Found a scale mail and 27 gold pieces.
A deep troll comes into view.
Found a scroll labelled ZITIGUO XUSEIDATS and 27 gold pieces.
You are no longer berserk.
You are exhausted.
You feel yourself slow down.
The centaur warrior shouts!
The centaur warrior wields a +0 shortbow.
The centaur warrior shoots an arrow.
The arrow hits you!!
Ouch! That really hurt!
* * * LOW HITPOINT WARNING * * *
There is an open door, spattered with blood here.
Unknown command.
You enter the shallow water.
Moving in this stuff is going to be slow.
Found 54 gold pieces.
You feel the effects of Trog's Hand fading.
The deep troll closely misses you. The deep troll claws you!
You die...

######################
#<.#.)'..#.)'..#__#..+
#..'..#..'..#..'..'..#
#..#####'#####'#__####
#.)####..#...#.####)?# #
#..#__####..##.#§§§§.#$$#
#..#_____##'#_.§@§§§.§§
#⌠⌠#_.∩..†'..._#T§§..#
####_..__##_.#'##c####
#_____###+#[#§)([#
####### ####c### $.c ###


You could see a centaur warrior and a deep troll.

Vanquished Creatures
  A centaur warrior (D)
  A slime creature (D)
  Sigmund (D)
  A yak (D)
  An ogre (D)
  A jelly (D)
  Ijyb (D)
7 creatures vanquished.

Notes
Turn   | Place    | Note
-------+----------+-------------------------------------------
     0 | D        | Groucho the Felid Berserker began the quest for the Orb.
     0 | D        | Reached XP level 1. HP: 10/10 MP: 2/2
     2 | D        | Noticed Ijyb
     7 | D        | Killed Ijyb
     8 | D        | Reached skill level 8 in Stealth
     8 | D        | Reached XP level 2. HP: 2/14 MP: 3/3
   252 | D        | Noticed an ogre
   265 | D        | Killed an ogre
   266 | D        | Reached skill level 12 in Stealth
   266 | D        | Reached XP level 3. HP: 12/17 MP: 4/4
   266 | D        | Reached XP level 4. HP: 15/21 MP: 5/5
   413 | D        | Noticed Sigmund
   415 | D        | Killed Sigmund
   415 | D        | Reached ** piety under Trog
   416 | D        | Reached skill level 16 in Stealth
   416 | D        | Reached XP level 5. HP: 24/24 MP: 6/6
   427 | D        | Found a shimmering blue altar of Sif Muna.
   428 | D        | Found an ornate altar of the Wu Jian Council.
   429 | D        | Found a radiant altar of Vehumet.
   434 | D        | Reached skill level 17 in Stealth
   434 | D        | Gained mutation: You are covered in thick fur. (AC +2)
                  | [Felid growth]
   434 | D        | Reached XP level 6. HP: 28/28 MP: 7/7
   435 | D        | Found Zual's Assorted Antiques.
   435 | D        | Found an ancient bone altar of Kikubaaqudgha.
   435 | D        | Found a hazy altar of Hepliaklqana.
   435 | D        | Found a stormy altar of Qazlal.
   435 | D        | Found a hide-covered altar of Uskayaw.
   435 | D        | Found a blossoming altar of Fedhas.
   435 | D        | Found a bloodstained altar of Trog.
   435 | D        | Found an iron altar of Okawaru.
   435 | D        | Found a basalt altar of Yredelemnul.
   435 | D        | Found a glowing golden altar of the Shining One.
   435 | D        | Found a snail-covered altar of Cheibriados.
   435 | D        | Found a sacrificial altar of Ru.
   435 | D        | Found a glowing silver altar of Zin.
   435 | D        | Found a shadowy altar of Dithmenos.
   435 | D        | Found a white marble altar of Elyvilon.
   435 | D        | Noticed a yak
   436 | D        | Found an opulent altar of Gozag.
   437 | D        | Killed a yak
   438 | D        | Reached skill level 19 in Stealth
   485 | D        | Found a sparkling altar of Nemelex Xobeh.
   519 | D        | Noticed a centaur warrior
   522 | D        | Noticed a centaur warrior
   526 | D        | Slain by a centaur warrior
   527 | D        | Reached XP level 5. HP: -1/36 MP: 6/6
   538 | D        | Killed a centaur warrior
   539 | D        | Reached skill level 23 in Stealth
   539 | D        | Reached XP level 6. HP: 28/28 MP: 7/7
   539 | D        | Reached XP level 7. HP: 31/31 MP: 8/8
   544 | D        | Slain by a centaur warrior
   545 | D        | Reached XP level 6. HP: -4/28 MP: 7/7
   554 | D        | Found a shimmering altar of Xom.
   554 | D        | Found a burning altar of Makhleb.
   554 | D        | Noticed a slime creature
   555 | D        | Found a corrupted altar of Lugonu.
   555 | D        | Found a viscous altar of Jiyva.
   556 | D        | Killed a slime creature
   557 | D        | Reached XP level 7. HP: 31/31 MP: 8/8
   570 | D        | Noticed a deep troll
   572 | D        | Slain by a deep troll

Illustrated notes

Levels and vault maps discovered:
D:        dungeon_sprint_1 [red_sonja_temple_1, red_sonja_temple_small_1]

Skill      XL: |  1  2  3  4  5  6 |
---------------+-------------------+-----
Stealth        | 8 12 16 23 19 | 23.9
Fighting       | |  3.0
Dodging        | |  4.0
Unarmed Combat | |  3.0

Action                     |  1- 3 |  4- 6 |  7- 9 || total
---------------------------+-------+-------+-------++-------
  Melee: Unarmed           |     8 |    10 |     5 ||    23
         Bite              |     1 |     1 |       ||     2
         Punch             |       |     1 |       ||     1
 Invoke: Berserk           |     2 |     2 |     1 ||     5
         Trog's Hand       |       |     2 |     1 ||     3
    Use: Scroll            |       |     1 |       ||     1
   Stab: Sleeping          |       |     4 |       ||     4
 Armour: Skin              |       |     3 |       ||     3
  Dodge: Dodged            |     2 |    21 |    11 ||    34
